 Dungeon Sprint DCSS version 0.29-a0-1027-gcd8c55af63 (webtiles) character file.

Game seed: 9626108930258336124

291 mhtbhm the Unseen (level 6, -1/48 HPs)
             Began as a Spriggan Brigand on Aug 13, 2022.
             Was an Initiate of Dithmenos.
             Incinerated by a deep elf pyromancer (3 damage)
             ... with a sticky flame
             ... in the Dungeon (Sprint III: "The Ten Rune Challenge").
             The game lasted 00:01:55 (425 turns).

mhtbhm the Unseen (Spriggan Brigand)                 Turns: 425, Time: 00:01:56

Health: -1/48      AC:  3    Str:  7    XL:     6   Next: 10%
Magic:  7/7        EV: 17    Int: 13    God:    Dithmenos [......]
Gold:   38         SH:  0    Dex: 20    Spells: 3/5 levels left

rFire   . . .      SeeInvis +   a - +2 dagger
rCold   . . .      Faith    .   (no shield)
rNeg    . . .      Spirit   .   b - +0 robe
rPois   .          Reflect  .   (helmet restricted)
rElec   .          Harm     .   c - +0 cloak
rCorr   .          Rampage  .   (gloves unavailable)
Will    +....      NoTele   +   (boots unavailable)
Stlth   ..........              (no amulet)
HPRegen 0.16/turn               (no ring)
MPRegen 0.10/turn               (no ring)

@: berserking, on fire, glowing, very quick
A: very small, no large weapons, unfitting armour, see invisible, speed 3, thin
skeletal structure 1
a: Renounce Religion


You were in the Dungeon.
You worshipped Dithmenos.
Dithmenos was noncommittal.
You visited 1 branch You collected 38 gold pieces.

Inventory:

Hand Weapons
 a - a +2 dagger (weapon)
Missiles
 d - 4 poisoned darts (quivered)
 l - a boomerang
Armour
 b - a +0 robe (worn)
 c - a +0 cloak (worn)
Scrolls
 k - a scroll of blinking
 m - 2 scrolls of torment {unknown}
 n - 3 scrolls of identify
Potions
 f - a potion of curing
 h - a potion of haste
 i - 2 potions of magic
 o - a potion of flight {unknown}
 p - 4 potions of mutation


   Skills:
 + Level 3.4 Fighting
 + Level 4.6 Short Blades
 + Level 6.0 Throwing
 + Level 2.5 Dodging
 + Level 16.0 Stealth


You had 3 spell levels left.
You knew the following spells:

 Your Spells              Type           Power      Damage    Failure   Level
a - Blink                 Tloc           0%         N/A       43%         2

Your spell library contained the following spells:

 Spells                   Type           Power      Damage    Failure   Level
 Manifold Assault         Tloc           0%         N/A       100%        5
 Storm Form               Tmut/Air       0%         N/A       100%        7


Dungeon Overview and Level Annotations

Branches:
Dungeon (1/1)

Altars:
Dithmenos
Elyvilon
Kikubaaqudgha
Ru
Sif Muna
Vehumet
Yredelemnul
Zin
The Shining One


Innate Abilities, Weirdness & Mutations

You are very small and have problems with some larger weapons.
You are too small for most types of armour.
You have supernaturally acute eyesight. (SInv)
You cover ground extremely quickly. (Speed+++)
You have a somewhat thin skeletal structure. (Dex +2, Stealth+)


Message History

The deep elf pyromancer gestures at you while chanting.
The bolt of fire hits you!!
Ouch! That really hurt!
You are too injured to fight recklessly!
You are too injured to fight recklessly!
You are too injured to fight recklessly!
You are too injured to fight recklessly!
You are too injured to fight recklessly!
You are too injured to fight recklessly!
You are too injured to fight recklessly!
You are too injured to fight recklessly!
You are too injured to fight recklessly!
You are too injured to fight recklessly!
You are too injured to fight recklessly!
You are too injured to fight recklessly!
You are too injured to fight recklessly!
You are too injured to fight recklessly!
You are too injured to fight recklessly!
You are too injured to fight recklessly!
You feel a strong urge to attack something.
There is an open door here.
You hit the deep elf pyromancer.
The deep elf pyromancer is moderately wounded.
The deep elf pyromancer hits you with a +2 long sword of holy wrath.
You miss the deep elf pyromancer.
The deep elf pyromancer is moderately wounded.
You completely miss the deep elf pyromancer.
The deep elf pyromancer is moderately wounded.
The deep elf pyromancer points at you and mumbles some strange words.
The sticky flame hits you!
You are covered in liquid flames!
* * * LOW HITPOINT WARNING * * *
You closely miss the deep elf pyromancer.
The deep elf pyromancer is moderately wounded.
You are covered in liquid flames!
* * * LOW HITPOINT WARNING * * *
You hit the deep elf pyromancer.
The deep elf pyromancer is heavily wounded.
You are covered in liquid flames!
You die...

▓#'####.....♣♣ ♣.
▓.....#....~.♣♣ ♣.
▓†....#...~~♣.♣♣♣.
▓.....#..~~~~.♣♣..
▓####'#..~≈≈~~~.(.
▓...÷.#.~~≈~~~....
▓...).#.~≈~~~.....
▓.....#.~~~..(....
▓@#####...........
▓.e......((.......
▓▓▓▓▓▓▓▓▓▓▓▓▓▓▓▓▓▓


You could see a deep elf pyromancer (very poisoned).

Vanquished Creatures
  A necrophage (D)
  A water elemental (D)
  A scorpion (D)
  Jessica (D)
  A wizard (D)
  A necromancer (D)
  A human (D)
  A kobold demonologist (D)
  An endoplasm (D)
  2 rats (D)
11 creatures vanquished.

Notes
Turn   | Place    | Note
-------+----------+-------------------------------------------
     0 | D        | mhtbhm the Spriggan Brigand began the quest for the Orb.
     0 | D        | Reached XP level 1. HP: 10/10 MP: 2/2
     6 | D        | Reached skill level 6 in Stealth
    15 | D        | Noticed Jessica
    18 | D        | Killed Jessica
    19 | D        | Reached skill level 9 in Stealth
    19 | D        | Reached XP level 2. HP: 14/15 MP: 3/3
    20 | D        | Reached XP level 3. HP: 17/18 MP: 4/4
    60 | D        | Reached skill level 10 in Stealth
    74 | D        | Noticed a scorpion
    89 | D        | Killed a scorpion
    90 | D        | Reached skill level 12 in Stealth
    90 | D        | Reached XP level 4. HP: 23/23 MP: 5/5
   124 | D        | Gained mutation: Armour fits poorly on your strangely
                  | shaped body. [potion of mutation]
   125 | D        | Lost mutation: Armour fits poorly on your strangely shaped
                  | body. [potion of mutation]
   125 | D        | Gained mutation: You have a somewhat thin skeletal
                  | structure. (Dex +2, Stealth+) [potion of mutation]
   139 | D        | Noticed a water elemental
   149 | D        | Killed a water elemental
   150 | D        | Reached skill level 13 in Stealth
   150 | D        | Reached XP level 5. HP: 27/28 MP: 6/6
   252 | D        | Found a shadowy altar of Dithmenos.
   253 | D        | Found a basalt altar of Yredelemnul.
   253 | D        | Found a sacrificial altar of Ru.
   255 | D        | Reached skill level 5 in Throwing
   255 | D        | Reached skill level 14 in Stealth
   256 | D        | Reached skill level 15 in Stealth
   259 | D        | Became a worshipper of Dithmenos the Shadowed
   278 | D        | Found a radiant altar of Vehumet.
   279 | D        | Found a shimmering blue altar of Sif Muna.
   279 | D        | Found an ancient bone altar of Kikubaaqudgha.
   281 | D        | Reached XP level 6. HP: 32/32 MP: 7/7
   283 | D        | Reached skill level 16 in Stealth
   297 | D        | Learned a level 2 spell: Blink
   298 | D        | Found a glowing silver altar of Zin.
   299 | D        | Found a glowing golden altar of the Shining One.
   299 | D        | Found a white marble altar of Elyvilon.
   299 | D        | Noticed a deep elf pyromancer
   302 | D        | Noticed a fire elemental
   302 | D        | Noticed a fire elemental
   424 | D        | HP: 2/48 [burnt (3)]
   425 | D        | Incinerated by a deep elf pyromancer

Illustrated notes

Levels and vault maps discovered:
D:        dungeon_sprint_mu [sprint_mu_entry_forest, sprint_mu_temple_rooms,
          sprint_mu_d1_horrors, sprint_mu_d2_genie, sprint_mu_d3_branching,
          sprint_mu_orc_legion, sprint_mu_elf_gauntlet, sprint_mu_hive_nellie,
          sprint_mu_lair_fedhas, sprint_mu_vaults_butterflies,
          sprint_mu_slime_circle, sprint_mu_swamp_cave, sprint_mu_snake_twists,
          sprint_mu_blade_basic, sprint_mu_crypt_chambers,
          sprint_mu_tomb_spiral, sprint_mu_vestibule_basic,
          sprint_mu_gehenna_hellfire, sprint_mu_dis_giant,
          sprint_mu_tartarus_statrot, sprint_mu_cocytus_islands, sprint_mu_zot1]

Skill      XL: |  1  2  3  4  5  6 |
---------------+-------------------+-----
Stealth        | 9 12 13 15 16 | 16.0
Fighting       | 2 3 |  3.4
Short Blades   | 3 4 |  4.6
Throwing       | 4 5 6 |  6.0
Dodging        | 2 |  2.5

Action                   |  1- 3 |  4- 6 || total
-------------------------+-------+-------++-------
Melee: Dagger            |     6 |    15 ||    21
Throw: Dart              |     8 |     8 ||    16
       Boomerang         |     8 |       ||     8
  Use: Potion            |       |     5 ||     5
 Stab: Sleeping          |     1 |     4 ||     5
Dodge: Dodged            |     3 |     3 ||     6

Table legend: (Time is in decaauts)
 A = Elapsed time spent in this place.
 B = Non-inter-level travel time spent in this place.
 C = Inter-level travel time spent in this place.
 D = Time resting spent in this place.
 E = Time spent auto-exploring this place.
 F = Levels seen in this place.
 G = Mean time per level.
                   A        B        C        D        E       F      G
               +--------+--------+--------+--------+--------+-----+--------+
         Total |    357 |    357 |      0 |    156 |     20 |   1 |  357.0 |
       Dungeon |    357 |    357 |      0 |    156 |     20 |   1 |  357.0 |
               +--------+--------+--------+--------+--------+-----+--------+

Top non-repeatable levels by time:
       D: 357 daAuts
